 Dungeon Crawl Stone Soup version 0.22.0-49-gab54619674 (webtiles) character file.

74 RealIsaac the Ruffian (level 4, -3/36 HPs)
             Began as a Ghoul Gladiator on Sept 2, 2018.
             Splashed by a jelly's acid (4 damage)
             ... on level 3 of the Dungeon.
             The game lasted 00:07:48 (1940 turns).

RealIsaac the Ruffian (Ghoul Gladiator)             Turns: 1940, Time: 00:07:48

Health: -3/36      AC:  0    Str: 17    XL:     4   Next: 28%
Magic:  3/3        EV: 12    Int:  4    God:
Gold:   87         SH:  0    Dex: 10    Spells: 3/3 levels left

rFire    . . .     SeeInvis .     - Unarmed
rCold    + . .     Gourm    .   (no shield)
rNeg     + + +     Faith    .   a - +0 leather armour
rPois    ∞         Spirit   .   b - +0 helmet
rElec    .         Reflect  .   (no cloak)
rCorr    .         Harm     .   (no gloves)
MR       .....                  (no boots)
Stlth    +.........             (no amulet)
HPRegen  0.00/turn              t - +4 ring of protection
MPRegen  0.08/turn              (no ring)

@: corroded, rotting
A: rotting body, claws 1, carnivore, cold resistance 1, negative energy
resistance 3, inhibited regeneration, torment resistance, unbreathing
a: no special abilities


You were on level 3 of the Dungeon.
You were not hungry.

You visited 1 branch of the dungeon, and saw 3 of its levels.

You collected 87 gold pieces.

Inventory:

Hand Weapons
 r - a +2 hunting sling of velocity
Missiles
 c - 3 throwing nets (quivered)
 o - 7 tomahawks of returning
Armour
 a - a +0 leather armour (worn)
 b - a +0 helmet (worn)
 n - a +0 chain mail
Jewellery
 t - a +4 ring of protection (left claw)
Scrolls
 e - 4 scrolls of teleportation
 g - a scroll of remove curse
 h - 3 scrolls of identify
 i - a scroll of random uselessness
 m - 2 scrolls of fear
Potions
 f - a potion of curing {unknown}
 j - a potion of degeneration {unknown}
 k - a potion of heal wounds {unknown}
 l - 2 potions of ambrosia {unknown}
 p - a potion of haste {unknown}
 q - a potion of might {unknown}
Comestibles
 d - 8 rations


   Skills:
 + Level 2.2 Fighting
 - Level 2.0 Throwing
 + Level 1.5 Armour
 + Level 3.3 Dodging
 + Level 1.0 Stealth
 + Level 3.9 Unarmed Combat


You had 3 spell levels left.
You didn't know any spells.
Your spell library was empty.

Dungeon Overview and Level Annotations

Branches:
Dungeon (3/15)

Altars:
Ashenzari
Nemelex Xobeh
The Shining One


Innate Abilities, Weirdness & Mutations

Your body is rotting away.
You thrive on raw meat.
You are immune to poison.
You have sharp fingernails.
You are carnivorous and can eat meat at any time.
Your flesh is cold resistant. (rC+)
You are immune to negative energy. (rN+++)
You do not regenerate when monsters are visible.
You are immune to unholy pain and torment.
You can survive without breathing.


Message History

You kill the frilled lizard!
You barely miss the hobgoblin. The hobgoblin barely misses you.
You scratch the hobgoblin but do no damage.
The hobgoblin completely misses you. The jelly misses you.
You barely miss the hobgoblin. The hobgoblin closely misses you.
The jelly jiggles.
The jelly hits you.
You are splashed with acid!
The acid burns!
You closely miss the hobgoblin.
The hobgoblin hits you but does no damage.
The jelly hits you.
You are splashed with acid!
The acid burns!
You scratch the hobgoblin.
You kill the hobgoblin!
The jelly hits you. The acid corrodes you!
You are splashed with acid!
The acid burns!
* * * LOW HITPOINT WARNING * * *
The jelly barely misses you.
Things that are here:
a club; a hobgoblin corpse You scratch the jelly.
The acid corrodes you!
Your claws burn!
You die...

##### ##...#
#####>.#.#
.........####
#..#....<##
#.#......J#
########...####....#
#.......J).# #.##..#
#.#####.@(## #.#
#... #.#.# #.# ###.
#...# #.# ..### ...
#..# .... #....
#....


You could see a jelly.

Vanquished Creatures
  2 adders (D:2)
  A worm (D:2)
  2 dart slugs (D:1)
  2 leopard geckos
  2 giant cockroaches
  7 goblins
  8 hobgoblins
  4 jackals (D:1)
  7 kobolds
  A quokka (D:2)
  4 bats (D:1)
  2 frilled lizards
  A rat (D:2)
43 creatures vanquished.

Notes
Turn   | Place    | Note
-------+----------+-------------------------------------------
     0 | D:1      | RealIsaac the Ghoul Gladiator began the quest for the Orb.
     0 | D:1      | Reached XP level 1. HP: 17/17 MP: 0/0
   234 | D:1      | Reached XP level 2. HP: 15/24 MP: 1/1
   795 | D:1      | Reached XP level 3. HP: 28/29 MP: 2/2
  1102 | D:2      | Found a sparkling altar of Nemelex Xobeh.
  1104 | D:2      | Found a shattered altar of Ashenzari.
  1177 | D:2      | Reached skill level 1 in Armour
  1228 | D:2      | Reached skill level 1 in Stealth
  1480 | D:2      | Reached XP level 4. HP: 19/36 MP: 3/3
  1680 | D:2      | Found a glowing golden altar of the Shining One.
  1938 | D:3      | HP: 1/36 [acid (10)]
  1940 | D:3      | Splashed by a jelly's acid

Skill      XL: |  1  2  3 |
---------------+----------+-----
Throwing       | 2 |  2.0
Dodging        | 3 |  3.3
Armour         | 1 |  1.5
Stealth        | 1 |  1.0
Fighting       | |  2.2
Unarmed Combat | |  3.9

Action                   |  1- 3 |  4- 6 || total
-------------------------+-------+-------++-------
Melee: Unarmed           |   125 |    23 ||   148
  Use: Scroll            |       |     5 ||     5
  Eat: Chunk             |     6 |     8 ||    14
Armor: Leather armour    |    57 |     7 ||    64
Dodge: Dodged            |   124 |    10 ||   134
